Match 32786640
Unlisted

Match 32786640
End
Royal Engineer Section
Construct Section Command Post
Infantry Section
Infantry Section
Infantry Section
Infantry Section
Construct Platoon Command Post
Selects Heavy Armor Battlegroup
Selects Engineer Detachments
Humber Armored Car
Construct Field Infirmary
Humber Armored Car
Selects Light Vehicle Withdraw and Refit
Light Vehicle Withdraw and Refit
6-pounder Anti-tank Gun Team
6-pounder Anti-tank Gun Team
Grenade Package
Infantry Section
Vickers Machine Gun Team
Selects Crusader AA Medium Tank
Crusader AA Medium Tank
Light Vehicle Withdraw and Refit
Construct Company Command Post
ML 3-inch Mortar Team
Crusader II Medium Tank
sword_crusher
NAGATO
0
0

Comments sign in to comment!

No comments posted yet!